 Dungeon Crawl Stone Soup version 0.23.1 (webtiles) character file.

Game seed: 17165243374705670611

85 Borgoz the Sneak (level 4, -3/33 HPs)
             Began as a Ghoul Enchanter on Mar 14, 2019.
             Slain by an adder (5 damage)
             ... on level 2 of the Dungeon.
             The game lasted 00:04:34 (2278 turns).

Borgoz the Sneak (Ghoul Enchanter)                  Turns: 2278, Time: 00:04:35

Health: -3/33      AC:  2    Str: 11    XL:     4   Next: 48%
Magic:  0/6        EV: 12    Int: 10    God:
Gold:   146        SH:  0    Dex: 10    Spells: 4/7 levels left

rFire    + . .     SeeInvis +   a - +1 dagger
rCold    + + .     Gourm    .   (no shield)
rNeg     + + +     Faith    .   b - +0 robe
rPois    ∞         Spirit   .   (no helmet)
rElec    +         Reflect  .   (no cloak)
rCorr    +         Harm     .   (no gloves)
MR       .....                  (no boots)
Stlth    ++........             (no amulet)
HPRegen  0.00/turn              j - ring of see invisible
MPRegen  0.10/turn              (no ring)

@: resistant, very slightly contaminated, rotting
A: rotting body, claws 1, carnivore, cold resistance 1, negative energy
resistance 3, inhibited regeneration, torment resistance, unbreathing
a: no special abilities


You were on level 2 of the Dungeon.
You were not hungry.

You visited 1 branch of the dungeon, and saw 2 of its levels.

You collected 146 gold pieces.

Inventory:

Hand Weapons
 a - a +1 dagger (weapon)
Missiles
 i - 12 poisoned needles
 o - a throwing net (quivered)
Armour
 b - a +0 robe (worn)
Jewellery
 j - a ring of see invisible (left claw)
Scrolls
 c - 6 scrolls of identify {unknown}
 e - 3 scrolls of teleportation {unknown}
 f - a scroll of fear {unknown}
 h - a scroll of enchant armour {unknown}
 k - a scroll of remove curse {unknown}
 l - a scroll of fog {unknown}
Potions
 g - a potion of lignification
Comestibles
 d - 3 rations


   Skills:
 * Level 2.1 Short Blades
 + Level 1.4 Armour
 + Level 2.6 Dodging
 + Level 3.7 Stealth
 - Level 2.0 Spellcasting
 - Level 2.4 Hexes


You had 4 spell levels left.
You knew the following spells:

 Your Spells              Type           Power        Failure   Level  Hunger
a - Corona                Hex            #......      12%         1    ##.....
b - Ensorcelled Hibernat  Hex/Ice        #.....       28%         2    ###....

Your spell library contained the following spells:

 Spells                   Type           Power        Failure   Level  Hunger
 Confuse                  Hex            #.......     34%         3    ####...
 Tukima's Dance           Hex            #.......     34%         3    ####...
 Dazzling Spray           Conj/Hex       #.....       50%         3    ####...


Dungeon Overview and Level Annotations

Branches:
Dungeon (2/15)

Altars:
Ru


Innate Abilities, Weirdness & Mutations

Your body is rotting away.
You thrive on raw meat.
You are immune to poison.
You have sharp fingernails.
You are carnivorous and can eat meat at any time.
Your flesh is cold resistant. (rC+)
You are immune to negative energy. (rN+++)
You do not regenerate when monsters are visible.
You are immune to unholy pain and torment.
You can survive without breathing.


Message History

Okay, then.
It was a potion of resistance.
You feel protected. The adder closely misses you.
You completely miss the adder.
The adder is moderately wounded.
The adder bites you.
* * * LOW HITPOINT WARNING * * *
You barely miss the adder.
The adder is moderately wounded.
The adder bites you.
* * * LOW HITPOINT WARNING * * *
Okay, then.
Okay, then.
Casting: Ensorcelled Hibernation (safe; 28% risk of failure)
Confirm with . or Enter, or press ? or * to list all spells.
You don't have enough magic to cast that spell.
Unknown command.
The adder bites you.
You die...

###########.#.).#.#
#........##.#.###.#
#.######.##.......#
#.#...##.##.#.#####
#.###.##....#.# #.#
#.......#.# #.#
#########÷#
##S###########.#
#..@...........#
##############.#
###


You could see an adder.

Vanquished Creatures
  5 adders (D:2)
  A dart slug (D:2)
  2 leopard geckos
  A ball python (D:2)
  4 bats
  2 giant cockroaches
  3 goblins (D:1)
  4 hobgoblins
  2 jackals (D:2)
  A quokka (D:2)
  6 frilled lizards
  3 kobolds (D:1)
  A quokka skeleton (D:2)
  3 rats (D:1)
38 creatures vanquished.

Notes
Turn   | Place    | Note
-------+----------+-------------------------------------------
     0 | D:1      | Borgoz the Ghoul Enchanter began the quest for the Orb.
     0 | D:1      | Reached XP level 1. HP: 14/14 MP: 2/2
   103 | D:1      | Reached skill level 1 in Short Blades
   250 | D:1      | Reached XP level 2. HP: 11/20 MP: 3/3
   824 | D:2      | Learned a level 2 spell: Ensorcelled Hibernation
   878 | D:2      | Reached skill level 1 in Armour
   878 | D:2      | Reached XP level 3. HP: 26/26 MP: 4/4
  1517 | D:2      | Reached XP level 4. HP: 20/33 MP: 2/6
  1834 | D:2      | Found a sacrificial altar of Ru.
  2278 | D:2      | Slain by an adder

Skill      XL: |  1  2  3  4 |
---------------+-------------+-----
Short Blades   | 1 2 |  2.1
Dodging        | 2 |  2.6
Armour         | 1 |  1.4
Spellcasting   | 2 |  2.0
Stealth        | |  3.7
Hexes          | |  2.4

Action                   |  1- 3 |  4- 6 || total
-------------------------+-------+-------++-------
Melee: Dagger            |   139 |    62 ||   201
 Cast: Ensorcelled Hiber |     5 |     4 ||     9
  Use: Potion            |     2 |     1 ||     3
 Stab: Sleeping          |     7 |     2 ||     9
  Eat: Chunk             |     4 |     7 ||    11
Armor: Robe              |    33 |    12 ||    45
Dodge: Dodged            |    81 |    38 ||   119
